 Dungeon Crawl Stone Soup version 0.31-a0-965-g8a8ce12e04 (webtiles) character file.

Game seed: 11914002613282837320

476 Gladio the Skirmisher (level 6, -10/37 HPs)
             Began as a Deep Elf Hunter on Oct 26, 2023.
             Mangled by an ogre
             ... wielding a +0 giant club
              (23 damage)
             ... on level 3 of the Dungeon.
             The game lasted 00:05:09 (3158 turns).

Gladio the Skirmisher (Deep Elf Hunter)             Turns: 3158, Time: 00:05:09

Health: -10/37     AC:  6    Str:  8    XL:     6   Next: 85%
Magic:  8/8        EV: 14    Int: 14    God:
Gold:   193        SH:  0    Dex: 20    Spells: 5/5 levels left

rFire   . . .        a - +0 shortbow
rCold   . . .        (shield currently unavailable)
rNeg    . . .        c - +0 leather armour
rPois   .            e - +2 helmet {SInv}
rElec   .            (no cloak)
rCorr   .            (no gloves)
SInv    +            (no boots)
Will    .....        (no amulet)
Stlth   ++           (no ring)
HPRegen 0.26/turn    (no ring)
MPRegen 0.11/turn

%: no passive effects
@: no status effects
A: no striking features
a: no special abilities


You were on level 3 of the Dungeon.
You visited 2 branches of the dungeon, and saw 5 of its levels.

You collected 193 gold pieces.

Inventory:

Hand Weapons
 a - a +0 shortbow (weapon)
Armour
 c - a +0 leather armour (worn)
 e - a +2 helmet of see invisible (worn)
Jewellery
 j - the ring "Jywucun" {Fly Int+3}
   (You found it on level 4 of the Dungeon)

   [ring of flight]

   Int+3:     It affects your intelligence (+3).
   Fly:       It grants you flight.
Scrolls
 b - 2 scrolls of butterflies
 f - a scroll of torment
 h - a scroll of blinking {unknown}
 k - a scroll of noise
 l - a scroll of enchant armour {unknown}
 m - a scroll of vulnerability {unknown}
Potions
 d - a potion of curing {unknown}
 g - a potion of brilliance {unknown}
 i - a potion of enlightenment


   Skills:
 + Level 3.3 Fighting
 * Level 8.6 Ranged Weapons
 + Level 4.9 Dodging
 - Level 1.2 Stealth


You had 5 spell levels left.
You didn't know any spells.
Your spell library contained the following spells:

 Spells                   Type           Power      Damage    Failure   Level
 Freeze                   Ice            0%         1d3       38%         1
 Frozen Ramparts          Ice            0%         1d1       77%         3
 Hailstorm                Conj/Ice       0%         3d3       77%         3


Dungeon Overview and Level Annotations

Branches:
Dungeon (4/15)             Temple (1/1) D:4

Altars:
Ashenzari
Cheibriados
Dithmenos
Elyvilon
Fedhas
Gozag
Kikubaaqudgha
Makhleb
Nemelex Xobeh
Okawaru
Qazlal
Trog
Uskayaw
Vehumet
Wu Jian
Xom
Yredelemnul
Zin
The Shining One


Message History

Your butterfly disappears in a burst of colours!
You swap places.
The ogre hits your butterfly with a +0 giant club!!
Your butterfly dies!
Your butterfly disappears in a burst of colours!
Something hits your butterfly!!
Your butterfly dies!
Your butterfly disappears in a burst of colours!
You swap places.
Your butterfly disappears in a burst of colours!
Your butterfly disappears in a burst of colours!
There is a stone staircase leading down here.
You start resting.
Your butterfly disappears in a burst of colours!
An ogre is nearby!
You shoot an arrow. The arrow hits the ogre.
The ogre is moderately wounded.
You shoot an arrow.
The arrow hits the ogre but does no damage.
The ogre is moderately wounded.
You shoot an arrow. The arrow barely misses the ogre.
You shoot an arrow. The arrow barely misses the ogre.
You shoot an arrow. The arrow hits the ogre.
The ogre is moderately wounded.
You shoot an arrow. The arrow completely misses the ogre.
You shoot an arrow. The arrow hits the ogre.
The ogre is heavily wounded.
The ogre hits you with a +0 giant club!
You are too injured to fight recklessly!
You are too injured to fight recklessly!
You are too injured to fight recklessly!
You shoot an arrow.
The arrow hits the ogre but does no damage.
The ogre is heavily wounded.
The ogre closely misses you.
You shoot an arrow. The arrow barely misses the ogre.
Your butterfly disappears in a burst of colours!
The ogre hits you with a +0 giant club!!
Ouch! That really hurt!
You die...

...............#.#...###.####....
........#.##.#.#.#...###....#....
######......................'....
# #...................#..#.... #
##.#.####.#'##.###..#..#.... #
#.#.####....#.###..#.b#.... #
####.#.........#.#............
####.##.#.####....#.#.#...#.#####
................@O...............
####.............##.#.#...#..####
.............................#
####......................#..####
..........####.#.................
####..##..# #.#.##...#...#..#.##
##..#...####....#.........##.#.
##.#.#.#.#.#.........##..#.##.#.
#...).......###..#..###.........


You could see an ogre.

Vanquished Creatures
  A black bear (D:4)
  A phantom (D:4)
  A bullfrog (D:3)
  A scorpion (D:4)
  A hound (D:4)
  Terence (D:3)
  7 adders
  2 worms (D:2)
  2 dart slugs (D:1)
  6 orcs (D:3)
  4 ball pythons
  5 endoplasms
  A giant cockroach (D:4)
  13 goblins
  2 jackals (D:1)
  8 kobolds
  A quokka (D:1)
  4 bats
  2 frilled lizards (D:1)
  3 rats (D:1)
66 creatures vanquished.

Notes
Turn   | Place    | Note
-------+----------+-------------------------------------------
     0 | D:1      | Gladio the Deep Elf Hunter began the quest for the Orb.
     0 | D:1      | Reached XP level 1. HP: 12/12 MP: 3/3
    58 | D:1      | Reached XP level 2. HP: 17/17 MP: 4/4
   497 | D:1      | Reached skill level 6 in Ranged Weapons
   888 | D:2      | Reached XP level 3. HP: 21/21 MP: 5/5
  1454 | D:2      | Reached XP level 4. HP: 26/26 MP: 6/6
  1831 | D:3      | Noticed Terence
  1843 | D:3      | Killed Terence
  2004 | D:3      | Reached skill level 7 in Ranged Weapons
  2265 | D:3      | Noticed a bullfrog
  2275 | D:3      | Killed a bullfrog
  2276 | D:3      | Reached XP level 5. HP: 14/31 MP: 7/7
  2509 | D:4      | Noticed a black bear
  2594 | D:4      | Identified the ring "Jywucun" {Fly Int+3}
  2634 | D:4      | Killed a black bear
  2635 | D:4      | Reached skill level 8 in Ranged Weapons
  2635 | D:4      | Reached XP level 6. HP: 18/37 MP: 8/8
  2769 | D:4      | Found a staircase to the Ecumenical Temple.
  2810 | Temple   | Entered the Ecumenical Temple
  3158 | D:3      | Mangled by an ogre

Illustrated notes

Levels and vault maps discovered:
D:1:      lightli_arrival_lavapool, layout_basic, hex_medium,
          minmay_misc_feat_alley, grunt_decor_one_mirror
D:2:      layout_loops_cross
D:3:      layout_basic, st_stairs_11, uniq_terence
D:4:      layout_basic, minmay_temple_entry_slanted, minmay_ogre_servants
Temple:   hellmonk_temple_of_storms

Skill      XL: |  1  2  3  4  5 |
---------------+----------------+-----
Ranged Weapons | 6 7 8 |  8.6
Fighting       | 2 3 |  3.3
Dodging        | 3 4 |  4.9
Stealth        | |  1.2

Action                     |  1- 3 |  4- 6 || total
---------------------------+-------+-------++-------
   Fire: Shortbow          |    83 |   141 ||   224
    Use: Scroll            |       |     4 ||     4
 Armour: Leather armour    |    18 |    48 ||    66
  Dodge: Dodged            |    22 |    46 ||    68

Table legend: (Time is in decaauts)
 A = Elapsed time spent in this place.
 B = Non-inter-level travel time spent in this place.
 C = Inter-level travel time spent in this place.
 D = Time resting spent in this place.
 E = Time spent auto-exploring this place.
 F = Levels seen in this place.
 G = Mean time per level.
                   A        B        C        D        E       F      G
               +--------+--------+--------+--------+--------+-----+--------+
         Total |   3182 |   2960 |    222 |      6 |   2546 |   5 |  636.4 |
       Dungeon |   3139 |   2958 |    181 |      6 |   2546 |   4 |  784.8 |
        Temple |     42 |      1 |     41 |      0 |      0 |   1 |   42.0 |
               +--------+--------+--------+--------+--------+-----+--------+

Top non-repeatable levels by time:
     D:3: 1028 daAuts
     D:1: 862 daAuts
     D:2: 741 daAuts
     D:4: 507 daAuts
  Temple: 42 daAuts
